 Dungeon Crawl Stone Soup version 0.28.0-43-g3370ac3207 (webtiles) character file.

Game seed: 2432766849633636760

130 Descartes the Sneak (level 4, -6/19 HPs)
             Began as a Felid Warper on Mar 29, 2022.
             Mangled by a kobold brigand
             ... wielding a +0 club
              (9 damage)
             ... in a sewer.
             The game lasted 00:04:33 (1776 turns).

Descartes the Sneak (Felid Warper)                  Turns: 1776, Time: 00:04:34

Health: -6/19      AC:  1    Str:  9    XL:     4   Next: 90%
Magic:  8/8        EV: 19    Int: 15    God:
Gold:   80         SH:  0    Dex: 15    Spells: 7/7 levels left
                                        Lives:  0   Deaths: 1

rFire   . . .      SeeInvis +     - Unarmed
rCold   . . .      Faith    .   (shield unavailable)
rNeg    . . .      Spirit   .   (armour unavailable)
rPois   .          Reflect  .   (helmet unavailable)
rElec   .          Harm     .   (cloak unavailable)
rCorr   .          Rampage  .   (gloves unavailable)
Will    .....                   (boots unavailable)
Stlth   +++.......              h - amulet of regeneration
HPRegen 0.86/turn               (no ring)
MPRegen 0.11/turn               (no ring)

@: quick
A: very small, claws 1, fangs 3, see invisible, speed 1, shaggy fur 1, stealthy
paws, no weapons or thrown items, no armour, multi-lived
a: no special abilities


You were in a sewer.
You visited 1 branch of the dungeon, and saw 3 of its levels.
You also visited: Sewer.

You collected 80 gold pieces.

Inventory:

Jewellery
 h - an amulet of regeneration (around neck)
Scrolls
 a - a scroll of blinking
 c - 2 scrolls of identify
 k - a scroll of immolation
Potions
 b - a potion of cancellation {unknown}
 d - a potion of degeneration {unknown}
 e - a potion of ambrosia {unknown}
 g - a potion of mutation {unknown}
 i - a potion of curing {unknown}
 j - a potion of berserk rage {unknown}


   Skills:
 - Level 2.0 Fighting
 + Level 4.9 Dodging
 - Level 6.0 Stealth
 + Level 3.4 Unarmed Combat
 - Level 2.0 Spellcasting
 - Level 4.4 Translocations


You had 7 spell levels left.
You didn't know any spells.
Your spell library contained the following spells:

 Spells                   Type           Power      Damage    Failure   Level
 Blink                    Tloc           28%        N/A       5%          2
 Gell's Gravitas          Tloc           14%        N/A       11%         3
 Lesser Beckoning         Tloc           14%        N/A       11%         3
 Teleport Other           Tloc           14%        N/A       11%         3
 Manifold Assault         Tloc           14%        N/A       71%         5


Dungeon Overview and Level Annotations

Branches:
Dungeon (3/15)              Sewer (1/1)

Altars:


Innate Abilities, Weirdness & Mutations

You have sharp claws.
You have razor-sharp teeth.
You have supernaturally acute eyesight. (SInv)
You cover ground quickly. (Speed+)
You are covered in fur. (AC +1)
Your paws help you pounce on unaware monsters.
You are incapable of wielding weapons or throwing items.
You cannot wear armour.
You gain extra lives every three experience levels.


Message History

The curare-tipped dart barely misses you.
The kobold brigand throws a curare-tipped dart.
The curare-tipped dart closely misses you.
You see here a river rat corpse.
There is a gate leading back out of this place here.
The kobold brigand throws a curare-tipped dart.
The curare-tipped dart completely misses you.
You see here a river rat corpse.
You scratch the kobold brigand but do no damage.
The kobold brigand hits you with a +0 club.
You scratch the kobold brigand. Your claw misses the kobold brigand.
The kobold brigand is lightly wounded.
The kobold brigand misses you.
You barely miss the kobold brigand. You bite the kobold brigand.
The kobold brigand is lightly wounded.
The kobold brigand closely misses you.
You scratch the kobold brigand but do no damage.
The kobold brigand is lightly wounded.
The kobold brigand completely misses you.
You claw the kobold brigand!
The kobold brigand is moderately wounded.
The kobold brigand completely misses you.
You barely miss the kobold brigand.
The kobold brigand is moderately wounded.
You closely miss the kobold brigand.
The kobold brigand is moderately wounded.
The kobold brigand hits you with a +0 club!
You scratch the kobold brigand.
The kobold brigand is heavily wounded.
The kobold brigand hits you with a +0 club.
You closely miss the kobold brigand.
The kobold brigand is heavily wounded.
The kobold brigand hits you with a +0 club.
* * * LOW HITPOINT WARNING * * *
You barely miss the kobold brigand. Your bite misses the kobold brigand.
The kobold brigand is heavily wounded.
You completely miss the kobold brigand. You bite the kobold brigand.
The kobold brigand is severely wounded.
The kobold brigand hits you with a +0 club!
You die...

≈≈≈≈≈≈≈≈≈≈≈≈≈≈≈≈≈≈≈..≈≈≈≈≈≈≈≈≈≈
## #≈≈≈≈≈≈≈≈≈≈≈≈≈≈≈≈...........≈≈
#..#≈≈≈≈≈≈..≈≈..≈............≈≈≈.
...#..≈≈≈≈≈......................
...'......K....................†.
...#........†..##................
#. ##........#####.......##......
# ####...######...##..#####..†.
##### #∩@K#####..######.. #####
##..∩# ### #####


You could see a kobold brigand.

Vanquished Creatures
  Sigmund (D:2)
  3 gnolls
  3 river rats (Sewer)
  3 dart slugs
  4 ball pythons
  A bat (D:2)
  An endoplasm (D:1)
  8 giant cockroaches (D:3)
  3 hobgoblins
  A frilled lizard (D:3)
  2 goblins
  4 kobolds
  5 rats (Sewer)
39 creatures vanquished.

Notes
Turn   | Place    | Note
-------+----------+-------------------------------------------
     0 | D:1      | Descartes the Felid Warper began the quest for the Orb.
     0 | D:1      | Reached XP level 1. HP: 9/9 MP: 4/4
     7 | D:1      | Noticed an octopode
     8 | D:1      | Noticed a felid
     9 | D:1      | Noticed a tengu
    15 | D:1      | Noticed a spriggan
    63 | D:1      | Reached skill level 1 in Stealth
   482 | D:1      | Reached skill level 2 in Stealth
   903 | D:2      | Reached XP level 2. HP: 13/13 MP: 6/6
   998 | D:1      | Reached skill level 3 in Stealth
  1041 | D:1      | Reached skill level 4 in Stealth
  1041 | D:1      | Reached XP level 3. HP: 13/16 MP: 7/7
  1274 | D:2      | Reached skill level 5 in Stealth
  1303 | D:2      | Noticed Sigmund
  1315 | D:2      | Killed Sigmund
  1316 | D:2      | Reached skill level 6 in Stealth
  1316 | D:2      | Reached XP level 4. HP: 18/19 MP: 8/8
  1316 | D:2      | Reached XP level 5. HP: 21/22 MP: 9/9
  1579 | D:3      | Found a glowing drain.
  1597 | Sewer    | Entered a sewer
  1671 | Sewer    | Asphyxiated
  1672 | Sewer    | Reached XP level 4. HP: 0/19 MP: 8/8
  1740 | Sewer    | Noticed a kobold brigand
  1776 | Sewer    | Mangled by a kobold brigand

Illustrated notes

Levels and vault maps discovered:
D:1:      shiori_arrival_whats_in_store_for_you, layout_loops_ring
D:2:      layout_loops_cross, minmay_misc_feat_tiny, uniq_sigmund
D:3:      kb_forest_paths, layout_basic, mainiacjoe_overflow_boulevard,
          gup_sewer_entry_pipe
Sewer:    sewer_minmay_treatment

Skill      XL: |  1  2  3 |
---------------+----------+-----
Stealth        | 2 4 6 |  6.0
Dodging        | 4 |  4.9
Unarmed Combat | 3 |  3.4
Fighting       | |  2.0
Spellcasting   | |  2.0
Translocations | |  4.4

Action                   |  1- 3 |  4- 6 || total
-------------------------+-------+-------++-------
Melee: Unarmed           |    87 |    87 ||   174
       Bite              |    14 |     6 ||    20
       Punch             |     1 |       ||     1
  Use: Scroll            |       |     3 ||     3
 Stab: Sleeping          |     3 |     3 ||     6
Armor: Skin              |     3 |     4 ||     7
Dodge: Dodged            |    93 |    83 ||   176
